 Dungeon Crawl Stone Soup version 0.17-a0-670-g5d95ebd (webtiles) character file.

1304 Kisielow the Chiller (level 8, 0/43 HPs)
             Began as a Deep Elf Ice Elementalist on Apr 18, 2015.
             Was an Initiate of Kikubaaqudgha.
             Slain by a centaur (8 damage)
             ... on level 6 of the Dungeon.
             The game lasted 00:26:11 (8503 turns).

Kisielow the Chiller (Deep Elf Ice Elementalist)    Turns: 8503, Time: 00:26:11

Health: 0/43       AC:  3    Str:  5    XL:     8   Next: 31%
Magic:  16/16      EV:  7    Int: 23    God:    Kikubaaqudgha [......]
Gold:   265        SH:  0    Dex: 15    Spells: 3 memorised, 8 levels left

rFire  . . .     SeeInvis .     f - +2 hand axe (drain)
rCold  + . .     Clarity  .     a - +1 robe
rNeg   . . .     SustAb   +     (no shield)
rPois  .         Gourm    .     (no helmet)
rElec  .         Spirit   .     (no cloak)
rCorr  .         Warding  .     (no gloves)
rMut   .         Stasis   .     (no boots)
MR     .....                    (no amulet)
Stlth  ++........               s - ring of sustain abilities
                                r - ring of protection from cold

@: held, not resistant to hostile enchantments, unstealthy
A: no striking features
a: Renounce Religion


You were on level 6 of the Dungeon.
You worshipped Kikubaaqudgha.
Kikubaaqudgha was noncommittal.
You were not hungry.

You visited 1 branch of the dungeon, and saw 6 of its levels.

You collected 265 gold pieces.

Inventory:

Hand weapons
 f - a +2 hand axe of draining (weapon)
Armour
 a - a +1 robe (worn)
Jewellery
 r - a ring of protection from cold (left hand)
 s - a ring of sustain abilities (right hand)
Magical devices
 d - a wand of enslavement (8)
 m - a wand of invisibility (6)
Scrolls
 h - 3 scrolls of magic mapping
 i - 2 scrolls of identify
 p - a scroll of fear
 q - a scroll of remove curse
 u - a scroll of enchant weapon
Potions
 g - a potion of haste
 l - 2 potions of curing
 o - a potion of cure mutation
Books
 b - a book of Frost

   Spells                             Type                      Level
   a - Freeze                         Ice                          1
   b - Throw Frost                    Conjuration/Ice              2
   c - Ozocubu's Armour               Charms/Ice                   3
   d - Throw Icicle                   Conjuration/Ice              4
   e - Summon Ice Beast               Ice/Summoning                4
   f - Condensation Shield            Ice                          4
Comestibles
 c - 4 bread rations
 j - 3 fruits
 k - 3 chunks of flesh
 t - 7 meat rations


   Skills:
 + Level 1.1 Fighting
 - Level 2.4 Dodging
 - Level 2.4 Stealth
 - Level 4.0 Spellcasting
 - Level 7.5 Conjurations
 * Level 3.1 Necromancy
 - Level 7.6 Ice Magic


You had 8 spell levels left.
You knew the following spells:

 Your Spells              Type           Power        Failure   Level  Hunger
a - Freeze                Ice            ####         1%          1    None
b - Throw Frost           Conj/Ice       #####.       1%          2    #......
c - Throw Icicle          Conj/Ice       #####...     6%          4    ####...


Dungeon Overview and Level Annotations

Branches:
Dungeon (6/15)
 Temple: D:4-7

Altars:
Dithmenos
Fedhas
Kikubaaqudgha
Sif Muna

Annotations:
D:5 Leibowitz's ghost, experienced KoFi


Message History

An iguana, a worker ant, a sky beast, 4 gnolls and a centaur come into view.
The centaur shouts!
The gnoll shouts!
The gnoll shouts!
The worker ant twitches its antennae in your direction.
The iguana hisses angrily.
There is a stone staircase leading up here.
The centaur wields a shortbow.
The centaur shoots an arrow.
The arrow hits you! The gnoll closely misses you.
The gnoll throws a throwing net.
The throwing net hits you.
You become entangled in the net!
You stop ascending the stairs.
You struggle against the net.
The centaur shoots an arrow.
The arrow hits you!
The gnoll hits you from afar with a spear!
You try to slip out of the net.
The centaur unwields an uncursed shortbow.
The centaur hits you. The gnoll closely misses you.
You try to slip out of the net.
The gnoll hits you from afar with a spear.
* * * LOW HITPOINT WARNING * * *
The centaur hits you!
You die...
Kikubaaqudgha rasps: "You have failed me!
Welcome... death!"

# .#
###g####.
#.ggga.Y..
#@# #c#
#.. #l.#
#... ##.##
.# .# .


You could see a sky beast, a centaur, an iguana, a worker ant and 4 gnolls.

Vanquished Creatures
  A troll (D:5)
  A phantom (D:4)
  3 ogres
  A centaur (D:4)
  A scorpion (D:4)
  A centaur zombie (D:5)
  A hound (D:4)
  Ijyb (D:3)
  2 orc priests
  An iguana (D:4)
  An orc wizard (D:3)
  Natasha (thrice) (D:4)
  5 worker ants
  2 hound zombies (D:5)
  A hound skeleton (D:4)
  6 adders
  A worker ant zombie (D:5)
  A shadow imp (D:5)
  2 oozes
  An adder skeleton (D:4)
  2 worms
  7 giant geckos
  17 orcs
  2 giant cockroaches (D:3)
  8 hobgoblins
  8 jackals
  11 kobolds
  3 quokkas
  2 ball pythons
  A ball python skeleton (D:4)
  14 bats
  A giant gecko skeleton (D:4)
  5 giant newts
  10 goblins
  14 rats
141 creatures vanquished.

Notes
Turn   | Place    | Note
--------------------------------------------------------------
     0 | D:1      | Kisielow, the Deep Elf Ice Elementalist, began the quest for the Orb.
     0 | D:1      | Reached XP level 1. HP: 10/10 MP: 6/6
   550 | D:1      | Reached XP level 2. HP: 15/15 MP: 6/8
   554 | D:1      | Learned a level 2 spell: Throw Frost
   716 | D:1      | Reached skill level 4 in Ice Magic
  1289 | D:1      | Reached XP level 3. HP: 13/19 MP: 5/10
  2038 | D:2      | Reached XP level 4. HP: 24/24 MP: 2/12
  2205 | D:2      | Found a blossoming altar of Fedhas.
  2258 | D:2      | Found a shadowy altar of Dithmenos.
  3181 | D:3      | Reached skill level 5 in Ice Magic
  3181 | D:3      | Reached XP level 5. HP: 28/28 MP: 5/13
  3832 | D:3      | Noticed Ijyb
  3852 | D:3      | Killed Ijyb
  4431 | D:4      | Noticed Natasha
  4436 | D:4      | Killed Natasha
  4480 | D:4      | Learned a level 4 spell: Throw Icicle
  4574 | D:4      | Reached XP level 6. HP: 25/32 MP: 2/14
  5006 | D:4      | Reached skill level 5 in Conjurations
  5069 | D:4      | Noticed a centaur
  5432 | D:4      | Noticed a phantom
  5476 | D:4      | Killed a phantom
  5476 | D:4      | Reached skill level 6 in Ice Magic
  5729 | D:4      | Reached XP level 7. HP: 36/36 MP: 10/15
  5794 | D:4      | Killed a centaur
  6096 | D:4      | Noticed an ogre
  6100 | D:4      | Killed an ogre
  6215 | D:4      | Noticed Natasha
  6218 | D:4      | Killed Natasha
  6501 | D:4      | Noticed Natasha
  6502 | D:4      | Killed Natasha
  6532 | D:5      | Entered Level 5 of the Dungeon
  6853 | D:5      | Reached skill level 7 in Ice Magic
  6985 | D:5      | Found an ancient bone altar of Kikubaaqudgha.
  6993 | D:5      | Became a worshipper of Kikubaaqudgha
  7045 | D:5      | Reached XP level 8. HP: 22/41 MP: 2/16
  7709 | D:5      | Found a deep blue altar of Sif Muna.
  7992 | D:5      | Noticed Leibowitz's ghost (experienced KoFi)
  8281 | D:5      | Noticed a troll
  8287 | D:5      | Killed a troll
  8287 | D:5      | Reached skill level 1 in Fighting
  8503 | D:6      | Slain by a centaur

Action                   |  1- 3 |  4- 6 |  7- 9 || total
-------------------------+-------+-------+-------++-------
Melee: Whip              |     2 |     6 |       ||     8
       Hand axe          |       |    16 |    47 ||    63
       Flail             |       |    10 |       ||    10
 Cast: Freeze            |    52 |    32 |     6 ||    90
       Throw Frost       |    21 |    98 |    45 ||   164
       Throw Icicle      |       |     7 |    26 ||    33
Evoke: Wand              |       |       |     2 ||     2
  Use: Scroll            |       |    14 |     2 ||    16
       Potion            |       |     2 |       ||     2
 Stab: Sleeping          |       |       |     1 ||     1
  Eat: Chunk             |     4 |     9 |    13 ||    26
       Meat ration       |       |     1 |       ||     1
